 Dungeon Crawl Stone Soup version 0.28-a0-1080-g05a166d0ed (webtiles) character file.

Game seed: 9940772295758749516

30 ytrimaz the Insei (level 3, -1/23 HPs)
             Began as an Octopode Transmuter on Dec 10, 2021.
             Killed from afar by an orc wizard (5 damage)
             ... with a magic dart
             ... on level 3 of the Dungeon.
             The game lasted 00:01:46 (2423 turns).

ytrimaz the Insei (Octopode Transmuter)             Turns: 2423, Time: 00:01:46

Health: -1/23      AC:  1    Str:  9    XL:     3   Next: 18%
Magic:  4/6        EV: 17    Int: 17    God:
Gold:   89         SH:  5    Dex: 12    Spells: 4/7 levels left

rFire   . . .      SeeInvis .     - Unarmed
rCold   . . .      Faith    .   (no shield)
rNeg    . . .      Spirit   .   (helmet currently unavailable)
rPois   .          Reflect  +   f - amulet of reflection
rElec   .          Harm     .   d - +4 ring of evasion
rCorr   .          Rampage  .   (no ring)
Will    .....                   (no ring)
Stlth   ++........              (no ring)
HPRegen 0.07/turn               (no ring)
MPRegen 0.10/turn               (no ring)
                                (no ring)
                                (no ring)

@: appendages (expiring), wereblooded (expiring)
A: tentacle spike 3, almost no armour, amphibious, 8 rings, camouflage 1,
gelatinous body 1, (nimble swimmer 1), tentacles
a: End Transformation


You were on level 3 of the Dungeon.
One of your tentacles had grown a beastly spike.
You visited 1 branch of the dungeon, and saw 3 of its levels.

You collected 89 gold pieces.

Inventory:

Jewellery
 d - a +4 ring of evasion (left tentacle)
 f - an amulet of reflection (around mantle)
Potions
 a - a potion of invisibility
 b - a potion of mutation {unknown}
 g - a potion of might {unknown}
 h - 2 potions of magic
 i - 2 potions of heal wounds {unknown}


   Skills:
 * Level 1.3 Fighting
 * Level 2.1 Dodging
 + Level 3.3 Unarmed Combat
 * Level 2.5 Spellcasting
 * Level 2.3 Transmutations


You had 4 spell levels left.
You knew the following spells:

 Your Spells              Type           Power      Damage    Failure   Level
a - Beastly Appendage     Tmut           20%        N/A       7%          1
b - Wereblood             Tmut           10%        N/A       11%         2

Your spell library contained the following spells:

 Spells                   Type           Power      Damage    Failure   Level
 Spider Form              Tmut/Pois      6%         N/A       34%         3
 Ice Form                 Ice/Tmut       6%         N/A       75%         4


Dungeon Overview and Level Annotations

Branches:
Dungeon (3/15)

Altars:
Vehumet


Innate Abilities, Weirdness & Mutations

One of your tentacles has grown a beastly spike.
You cannot wear most types of armour.
You are amphibious.
You can wear up to eight rings at the same time.
Your skin changes colour to match your surroundings (Stealth+).
Your rubbery body absorbs attacks. (AC +1, EV +1)
((You are camouflaged near water. (Stealth+)))
You have tentacles for arms and can constrict up to eight enemies at once.


Message History

One of your tentacles grows a vicious spike.
Unknown command.
You barely miss the orc. You grab the orc.
You pierce the orc.
You feel a bit better.
You kill the orc!
You see here a +0 hand axe.
You block something's attack.
You barely miss something.
Your tentacle spike misses something.
Something hits you but does no damage.
You barely miss something. Something hits you.
You miss something.
You howl as the wereblood boils in your veins!
You hear a shout!
An orc wizard comes into view. It is wielding a +0 dagger.
You hear some strange, mumbled words.
You are confused.
You miss something. Your squeeze misses something.
You howl as the wereblood boils in your veins!
Something closely misses you.
You miss something.
Your tentacle spike misses something.
An orc wizard comes into view. It is wielding a +0 dagger.
Something hits you.
You closely miss something.
The orc wizard shouts!
Your tentacle spike misses something.
You squeeze something!
Your transformation is almost over.
You hear a shout!
Something hits you.
Unknown command.
You closely miss something.
The orc wizard points at you and mumbles some strange words.
The puff of flame hits you!
* * * LOW HITPOINT WARNING * * *
Unknown command.
You're too confused to move!
You feel less confused.
Your primal bloodlust is almost over.
You hear some strange, mumbled words.
A magic dart appears from out of thin air!
The magic dart hits you.
You die...

#..## #....#
#....# #....##
#.....#
#.....#
#.....#
#...{@#
#....o#
###)#o#####...
#.#.<..o....
#.#.##.....o
#.#.. .....
....# ....
..#.# .##
#.##!# #


You could see 2 orc wizards.

Vanquished Creatures
  An orc (D:3)
  2 bats
  A giant cockroach (D:2)
  4 goblins
  3 hobgoblins
  4 quokkas
  8 frilled lizards (D:2)
  A kobold (D:2)
  4 rats
28 creatures vanquished.

Vanquished Creatures (others)
  5 plants (D:2)
5 creatures vanquished.

Grand Total: 33 creatures vanquished

Notes
Turn   | Place    | Note
-------+----------+-------------------------------------------
     0 | D:1      | ytrimaz the Octopode Transmuter began the quest for the
                  | Orb.
     0 | D:1      | Reached XP level 1. HP: 13/13 MP: 3/3
   734 | D:1      | Reached XP level 2. HP: 8/18 MP: 5/5
   975 | D:1      | Learned a level 2 spell: Wereblood
   997 | D:2      | Found a faded altar of an unknown god.
  1400 | D:2      | Found a radiant altar of Vehumet.
  2011 | D:2      | Reached XP level 3. HP: 23/23 MP: 1/6
  2423 | D:3      | Killed from afar by an orc wizard

Illustrated notes

Levels and vault maps discovered:
D:1:      dpeg_arrival_round_c, layout_basic, chequers_mini_garden, st_stairs_1,
          serial_bayou_ford_a
D:2:      layout_basic, chequers_ecumenical_altar_simple_redux, basic_altar,
          minmay_lizard_king
D:3:      wad_lake_hut, layout_rooms, mainiacjoe_overflow_boulevard,
          bloody_makhleb, pdpol_wu_jian_five_deadly_venoms

Action                   || total
-------------------------++-------
Melee: Unarmed           ||    78
       Constrict         ||    24
       Kick              ||    10
       Tentacles         ||     5
 Cast: Beastly Appendage ||    10
       Wereblood         ||     1
  Use: Scroll            ||     3
 Stab: Sleeping          ||     2
Armor: Skin              ||     7
Dodge: Dodged            ||    58
Block: Other             ||     1

Table legend: (Time is in decaauts)
 A = Elapsed time spent in this place.
 B = Non-inter-level travel time spent in this place.
 C = Inter-level travel time spent in this place.
 D = Time resting spent in this place.
 E = Time spent auto-exploring this place.
 F = Levels seen in this place.
 G = Mean time per level.
                   A        B        C        D        E       F      G
               +--------+--------+--------+--------+--------+-----+--------+
         Total |   2417 |   2334 |     83 |    431 |   1620 |   3 |  805.7 |
       Dungeon |   2417 |   2334 |     83 |    431 |   1620 |   3 |  805.7 |
               +--------+--------+--------+--------+--------+-----+--------+

Top non-repeatable levels by time:
     D:1: 1336 daAuts
     D:2: 1057 daAuts
     D:3: 23 daAuts
